 Dungeon Crawl Stone Soup version 0.19.1 (webtiles) character file.

2215 Charlie the Nimble (level 9, -7/48 HPs)
             Began as a Kobold Assassin on Dec 12, 2016.
             Was a Follower of Okawaru.
             Mangled by an orc warrior
             ... wielding a +0 halberd
              (19 damage)
             ... on level 6 of the Dungeon.
             The game lasted 00:39:16 (9601 turns).

Charlie the Nimble (Kobold Assassin)                Turns: 9601, Time: 00:39:17

Health: -7/48      AC:  8    Str:  8    XL:     9   Next: 61%
Magic:  9/9        EV: 15    Int: 15    God:    Okawaru [*.....]
Gold:   359        SH:  7    Dex: 17    Spells: 0 memorised, 8 levels left

rFire  + . .     SeeInvis .     b - +2 blowgun
rCold  + . .     Gourm    .     s - +1 ring mail
rNeg   . . .     Faith    .     C - +0 shield (curse)
rPois  .         Spirit   .     (no helmet)
rElec  .         Reflect  .     d - +0 cloak
rCorr  .         Harm     .     E - +0 pair of gloves
MR     .....                    (no boots)
Stlth  ++........               (no amulet)
                                z - ring of protection from fire
                                x - ring of protection from cold

@: no status effects
A: carnivore 3
a: Heroism, Renounce Religion


You were on level 6 of the Dungeon.
You worshipped Okawaru.
Okawaru was aware of your devotion.
You were completely stuffed.

You visited 1 branch of the dungeon, and saw 7 of its levels.
You also visited: Sewer.

You collected 359 gold pieces.

Inventory:

Hand Weapons
 a - a +2 dagger
 b - a +2 blowgun (weapon)
 y - a +0 rapier
Missiles
 e - 17 poisoned needles (quivered)
 f - a curare-tipped needle
 o - 8 exploding tomahawks
 r - 112 stones
 D - 7 needles of sleeping
Armour
 c - a +0 robe
 d - a +0 cloak (worn)
 s - a +1 ring mail (worn)
 C - a cursed +0 shield (worn)
 E - a +0 pair of gloves (worn)
Jewellery
 x - a ring of protection from cold (left hand)
 z - a ring of protection from fire (right hand)
 F - an uncursed ring of ice
Wands
 k - a wand of lightning (7/15)
 I - a wand of paralysis (14/24)
Scrolls
 i - 3 scrolls of fog
 l - a scroll of identify
 t - a scroll of fear
 v - 2 scrolls of magic mapping
 w - 3 scrolls of remove curse
 A - 3 scrolls of recharging
 B - 6 scrolls of teleportation
 J - a scroll of immolation {unknown}
Potions
 h - 5 potions of magic
 m - 2 potions of curing
 n - 4 potions of might
 q - 3 potions of haste
 u - 2 potions of cure mutation
Comestibles
 g - 6 meat rations
 j - a slice of pizza
 p - 4 beef jerkies
 G - a royal jelly
 H - 2 chunks of flesh


   Skills:
 - Level 2.1 Fighting
 - Level 9.3 Short Blades
 - Level 7.0 Throwing
 + Level 9.6 Dodging
 - Level 5.3 Stealth


You had 8 spell levels left.
You didn't know any spells.

Dungeon Overview and Level Annotations

Branches:
Dungeon (7/15)             Temple (0/1) D:5

Altars:
Gozag
Okawaru
The Shining One

Shops:
D:6 }

Annotations:
D:3 Lilleppy's ghost, amateur HuGl


Innate Abilities, Weirdness & Mutations

You are small and have problems with some larger weapons.
You are carnivorous and can eat meat at any time.


Message History

Thar be a stone staircase leadin' up 'ere.
Tha orc warrior misses ye.
Tha orc hits ye wit' a short sword.
* * * LOW HITPOINT WARNIN'
* * * Ye climb upwards.
Thar be a stone staircase leadin' down 'ere.
Ye hit tha orc warrior.
Tha orc warrior be heavily wounded.
Ye hit tha orc warrior.
Tha orc warrior be severely wounded.
Ye block tha orc's attack.
Tha orc warrior hits ye wit' a halberd!
* * * LOW HITPOINT WARNIN'
* * * Ye closely miss tha orc warrior.
Tha orc warrior be severely wounded.
Ye block tha orc's attack.
Tha orc warrior hits ye wit' a halberd!
* * * LOW HITPOINT WARNIN'
* * * Tha orc warrior looks more healthy.
Wield which item (- fer none, * ta show all)? (? fer menu, 'sc ta quit)
b - a +2 blowgun (weapon)
Tha orc warrior hits ye from afar wit' a halberd!!
Ye die...

#.....#...#........#.......#....
#.....#...#........#.......#....
#.....#...#........#.......#....
#.....#...#........'.......#####
#.....#...#........#........#
#.....#...#........#........#
##...>.#...#........#........#
.#######...#........#........#
.......#...#..o.@...#........#
.......#...#....o...#........#
.......'...#........#........#
.......#...#.>......'........#
.......#...#........#........#
###...##...#........#........#
###..)##...#........#........#
.....<.....#........#........#
...........#........######'###


You could see an orc warrior and an orc.

Vanquished Creatures
  Pikel (D:4)
  Eustachio (D:4)
  An orc warrior (D:5)
  An ice beast (D:7)
  An ogre (D:6)
  A centaur (D:6)
  3 bullfrogs
  A wyvern zombie (D:6)
  3 crimson imps
  2 orc priests
  A gnoll shaman (D:3)
  A centaur skeleton (D:3)
  2 hounds
  7 orc wizards
  An iguana (D:5)
  5 worker ants
  5 gnolls
  12 adders
  8 river rats
  A shadow imp (D:5)
  An ooze (D:2)
  2 adder skeletons
  3 worms
  3 dart slugs
  14 orcs
  5 giant cockroaches
  7 goblins
  7 hobgoblins
  18 jackals
  4 quokkas
  16 ball pythons
  10 bats
  7 frilled lizards
  2 goblin skeletons (D:4)
  A goblin zombie (D:4)
  3 hobgoblin zombies (D:4)
  14 kobolds
  4 kobold skeletons (D:4)
  A kobold zombie (D:4)
  A leopard gecko zombie (D:6)
  An orc skeleton (D:4)
  A quokka skeleton (D:4)
  29 rats
212 creatures vanquished.

Vanquished Creatures (others)
  An orc wizard (D:4)
  A leopard gecko (D:4)
  An orc (D:4)
3 creatures vanquished.

Grand Total: 215 creatures vanquished

Notes
Turn   | Place    | Note
-------+----------+-------------------------------------------
     0 | D:1      | Charlie the Kobold Assassin began the quest for the Orb.
     0 | D:1      | Reached XP level 1. HP: 12/12 MP: 1/1
   186 | D:1      | Reached XP level 2. HP: 17/17 MP: 2/2
   518 | D:1      | Reached XP level 3. HP: 21/21 MP: 3/3
  1296 | D:2      | Reached XP level 4. HP: 16/26 MP: 4/4
  1710 | D:2      | Found an opulent altar of Gozag.
  2009 | D:3      | Reached skill level 5 in Throwing
  2009 | D:3      | Reached XP level 5. HP: 26/30 MP: 5/5
  2657 | D:3      | Noticed Lilleppy's ghost (amateur HuGl)
  3163 | D:3      | Reached XP level 6. HP: 5/35 MP: 6/6
  3503 | D:4      | Noticed a slave
  3970 | D:4      | Noticed Eustachio
  4223 | D:4      | Found a glowing golden altar of the Shining One.
  4852 | D:4      | Noticed Pikel
  4852 | D:4      | Noticed a slave
  4852 | D:4      | Noticed a slave
  4867 | D:4      | Noticed a slave
  4873 | D:4      | Killed Pikel
  4873 | D:4      | Reached XP level 7. HP: 28/40 MP: 7/7
  4873 | D:4      | Reached XP level 8. HP: 31/44 MP: 8/8
  5054 | D:4      | Killed Eustachio
  5630 | D:5      | Entered Level 5 of the Dungeon
  5630 | D:5      | Found an iron altar of Okawaru.
  5637 | D:5      | Became a worshipper of Warmaster Okawaru
  5950 | D:5      | Found a staircase to the Ecumenical Temple.
  7024 | D:6      | Found Nuxke's Gadget Emporium.
  7074 | D:6      | Reached skill level 5 in Dodging
  7214 | D:6      | Found a glowing drain.
  7226 | Sewer    | Entered a sewer
  7699 | Sewer    | Reached XP level 9. HP: 42/48 MP: 9/9
  7944 | Sewer    | Reached * piety under Okawaru
  9601 | D:6      | Mangled by an orc warrior

Skill      XL: |  1  2  3  4  5  6  7  8  9 |
---------------+----------------------------+-----
Throwing       | 3 4 5 6 7 |  7.0
Short Blades   | 7 9 |  9.3
Dodging        | 5 9 |  9.6
Fighting       | |  2.1
Stealth        | |  5.3

Action                   |  1- 3 |  4- 6 |  7- 9 || total
-------------------------+-------+-------+-------++-------
Melee: Dagger            |    50 |    18 |     1 ||    69
       Club              |    92 |    58 |       ||   150
       Short sword       |       |   196 |    39 ||   235
       Rapier            |       |       |   447 ||   447
 Fire: Blowgun           |       |     6 |    34 ||    40
Throw: Stone             |       |   175 |   166 ||   341
Invok: Heroism           |       |       |     1 ||     1
  Use: Potion            |       |     1 |       ||     1
       Scroll            |       |    12 |     9 ||    21
 Stab: Sleeping          |     7 |     7 |     3 ||    17
  Eat: Chunk             |    10 |     9 |    18 ||    37
Armor: Robe              |    33 |       |       ||    33
       Ring mail         |    14 |    85 |   124 ||   223
Dodge: Dodged            |   116 |   177 |   255 ||   548
Block: Shield            |       |       |   144 ||   144
